 Dungeon Crawl Stone Soup version 0.30-a0-715-gdb4ae3ece1 (webtiles) character file.

Game seed: 14624467492681757354

7400 wormed the Covert (level 11, 0/100 HPs)
             Began as a Naga Fire Elementalist on Jan 24, 2023.
             Was a Follower of Vehumet.
             Collided with a rock wall (12 damage)
             ... caused by Erica
             ... on level 8 of the Dungeon.
             The game lasted 00:19:09 (13021 turns).

wormed the Covert (Naga Fire Elementalist)         Turns: 13021, Time: 00:19:10

Health: 0/100      AC: 19    Str: 11    XL:     11   Next: 14%
Magic:  0/21       EV:  7    Int: 19    God:    Vehumet [*.....]
Gold:   445        SH:  0    Dex: 12    Spells: 18/24 levels left

rFire   + + .      SeeInvis +    y - staff of conjuration
rCold   + . .      Faith    .    (no shield)
rNeg    . . .      Spirit   +    A - +3 leather armour
rPois   +          Reflect  .    q - +2 helmet
rElec   +          Harm     .    (no cloak)
rCorr   +          Rampage  .    m - +2 pair of gloves
Will    +....                    u - +1 barding
Stlth   +++++                    n - amulet of guardian spirit
HPRegen 0.36/turn                k - ring of flight
MPRegen 0.17/turn                d - ring of protection from fire

@: short of breath, resistant, flying, very slightly contaminated, slowed, very
slow
A: AC +3, large, see invisible, deformed body, poison resistance, slowness 2,
spit poison 1, naga tail 1
a: Spit Poison, Renounce Religion


You were on level 8 of the Dungeon.
You worshipped Vehumet.
Vehumet was aware of your devotion.
You visited 2 branches of the dungeon, and saw 9 of its levels.

You collected 445 gold pieces.

Inventory:

Hand Weapons
 b - a +1 dagger
Armour
 m - a +2 pair of gloves (worn)
 q - a +2 helmet (worn)
 u - a +1 barding (worn)
 A - a +3 leather armour (worn)
Magical Staves
 y - a staff of conjuration (weapon)
Jewellery
 d - a ring of protection from fire (right hand)
 i - a +6 ring of strength
 k - a ring of flight (left hand)
 n - an amulet of guardian spirit (around neck)
 B - a +6 ring of dexterity
Wands
 f - a wand of polymorph (12) (quivered)
 t - a wand of iceblast (20)
 w - a wand of flame (10)
Scrolls
 a - a scroll of fog
 r - a scroll of silence
 z - 3 scrolls of enchant weapon
 D - a scroll of blinking {unknown}
Potions
 c - 3 potions of degeneration {unknown}
 e - 3 potions of cancellation
 g - 4 potions of haste
 h - 2 potions of curing
 j - 3 potions of mutation
 o - 2 potions of attraction
 p - 2 potions of lignification {unknown}
 s - 2 potions of ambrosia
 v - 3 potions of might {unknown}
 C - a potion of brilliance {unknown}


   Skills:
 + Level 7.4 Fighting
 - Level 1.5 Dodging
 + Level 11.9 Stealth
 + Level 7.2 Spellcasting
 + Level 7.6 Conjurations
 + Level 8.2 Fire Magic


You had 18 spell levels left.
You knew the following spells:

 Your Spells              Type           Power      Damage    Failure   Level
a - Foxfire               Conj/Fire      100%       2x1d9     1%          1
b - Scorch                Fire           76%        2d8       1%          2
c - Inner Flame           Hex/Fire       22%        N/A       7%          3

Your spell library contained the following spells:

 Spells                   Type           Power      Damage    Failure   Level
 Sandblast                Erth           12%        2d6       13%         1
 Shock                    Conj/Air       100%       1d9       2%          1
 Flame Wave               Conj/Fire      53%        2d13      4%          4
 Kindle Blastsparks       Fire/Tloc/Air  34%        2d12      13%         3
 Ensorcelled Hibernation  Hex/Ice        12%        N/A       21%         2
 Passwall                 Tmut/Erth      5%         N/A       21%         2
 Swiftness                Air            6%         N/A       36%         3
 Airstrike                Air            3%         2d(1-17)  78%         4


Dungeon Overview and Level Annotations

Branches:
Dungeon (8/15)             Temple (1/1) D:6
   Lair: D:8-11

Altars:
Dithmenos
Elyvilon
Fedhas
Kikubaaqudgha
Makhleb
Okawaru
Ru
Trog
Vehumet
Wu Jian
Xom
Yredelemnul

Shops:
D:8 ![

Annotations:
D:8 Erica


Innate Abilities, Weirdness & Mutations

Your serpentine skin is tough. (AC +3)
You have supernaturally acute eyesight. (SInv)
Armour fits poorly on your strangely shaped body.
Your system is resistant to poisons. (rPois)
You cover ground very slowly.
You can spit poison.
You have a snake-like lower body.


Message History

You are knocked back by the lance of force.
You slam into the rock wall!
* * * LOW HITPOINT WARNING * * *
Erica gestures at you while chanting. The bolt of poison hits you. You resist.
* * * LOW HITPOINT WARNING * * *
You feel better.
Erica points at you and mumbles some strange words.
The lance of force hits you!
* * * LOW HITPOINT WARNING * * *
You feel better. Erica hits you but does no damage. x2
You feel protected.
Erica mumbles some strange words.
Erica flickers and vanishes for a moment.
Casting: Foxfire (safe; 1% risk of failure)
Confirm with . or Enter, or press ? or * to list all spells.
You don't have enough magic to cast this spell.
Aiming: Polymorph
Press: ? - help, Q - select action, (/) - cycle Shift-Dir - straight line, f/p - Erica
Aim: Erica, wielding a +0 scimitar of flaming and wearing a +0 robe (heavily wounded, slightly transparent, will become a mana viper, a swamp worm, or a water nymph, chance to affect: 17%)
Okay, then.
Aiming: Spit Poison (1% risk of failure)
Press: ? - help, Shift-Dir - straight line, f/p - Erica
Aim: Erica, wielding a +0 scimitar of flaming and wearing a +0 robe (heavily wounded, slightly transparent, 60% to hit)
The splash of poison hits Erica.
Erica is poisoned.
Erica is heavily wounded.
Erica casts a spell at you.
You easily resist.
Erica hits you but does no damage.
Okay, then.
Casting: Foxfire (safe; 1% risk of failure)
Confirm with . or Enter, or press ? or * to list all spells.
You feel a surge of power!
You miscast Foxfire.
You are very lightly contaminated with residual magic.
Nothing appears to happen.
Erica points at you and mumbles some strange words.
The lance of force hits you!
* * * LOW HITPOINT WARNING * * *
You are knocked back by the lance of force.
You slam into the rock wall!
You die...

#.............#
.....).###....#
......####(...#
.......#......#
...###...))##.# ....
#....###.#
....##........#
............############
.........#.###..@..!....
#.......#####..@.......
#>###...# #...........
###.....## #...###....#
.........###.....###.##
.###..>..##.#....# ..
#........#.....# .
###.....######## #######


You could see Erica (invisible, poisoned).

Vanquished Creatures
  2 two-headed ogres
  Pikel (D:7)
  An ugly thing (D:8)
  2 kobold demonologists (D:8)
  A hornet (D:8)
  Prince Ribbit (D:8)
  Grinder (D:4)
  6 yaks
  2 vampire mosquitoes (D:8)
  A water moccasin (D:7)
  An ice beast (D:5)
  A sky beast (D:7)
  A black bear (D:6)
  2 ogres
  6 centaurs
  3 lemures (D:8)
  2 phantoms
  A kobold brigand (D:8)
  5 bullfrogs
  A necrophage (D:8)
  4 scorpions
  A wight (D:6)
  A howler monkey (D:7)
  4 jellies
  2 hounds (D:7)
  4 orc priests
  Terence (D:3)
  Jessica (D:3)
  7 iguanas
  Ijyb (D:4)
  Natasha (thrice) (D:3)
  5 orc wizards
  Robin (D:3)
  5 gnolls
  8 adders
  2 shadow imps
  3 ufetubi (D:6)
  A worm (D:3)
  A dart slug (D:2)
  26 orcs
  5 endoplasms
  2 giant cockroaches
  10 goblins
  11 hobgoblins
  4 jackals (D:2)
  10 kobolds
  4 quokkas
  10 ball pythons
  4 bats
  4 frilled lizards
  5 rats
191 creatures vanquished.

Vanquished Creatures (collateral kills)
  A water moccasin (D:8)
  An electric eel (D:8)
  An orc priest (D:8)
3 creatures vanquished.

Vanquished Creatures (others)
  275 foxfires
  18 plants (D:8)
293 creatures vanquished.

Grand Total: 487 creatures vanquished

Notes
Turn   | Place    | Note
-------+----------+-------------------------------------------
     0 | D:1      | wormed the Naga Fire Elementalist began the quest for the
                  | Orb.
     0 | D:1      | Reached XP level 1. HP: 15/15 MP: 3/3
    28 | D:1      | Reached XP level 2. HP: 9/24 MP: 0/5
   814 | D:1      | Learned a level 2 spell: Scorch
   839 | D:1      | Reached XP level 3. HP: 30/30 MP: 3/6
  1355 | D:1      | Learned a level 3 spell: Inner Flame
  1404 | D:2      | Reached skill level 1 in Fighting
  2554 | D:3      | Found a bloodstained altar of Trog.
  2680 | D:3      | Noticed Natasha
  2691 | D:3      | Reached skill level 4 in Stealth
  2691 | D:3      | Reached XP level 4. HP: 31/38 MP: 1/7
  2806 | D:3      | Killed Natasha
  2808 | D:3      | Reached XP level 5. HP: 42/45 MP: 0/9
  3129 | D:3      | Noticed Terence
  3152 | D:3      | Killed Terence
  3340 | D:3      | Noticed Robin
  3359 | D:3      | Killed Robin
  3697 | D:3      | Noticed Natasha
  3700 | D:3      | Killed Natasha
  3701 | D:3      | Reached XP level 6. HP: 52/52 MP: 6/10
  3744 | D:3      | Noticed Jessica
  3750 | D:3      | Killed Jessica
  3751 | D:3      | Reached skill level 5 in Stealth
  3836 | D:3      | Noticed Natasha
  3841 | D:3      | Killed Natasha
  4788 | D:4      | Reached XP level 7. HP: 61/61 MP: 3/12
  4926 | D:4      | Noticed Ijyb
  4933 | D:4      | Killed Ijyb
  4963 | D:4      | Noticed Grinder
  5034 | D:4      | Killed Grinder
  5035 | D:4      | Reached skill level 6 in Stealth
  5283 | D:4      | Reached XP level 8. HP: 70/70 MP: 7/14
  5747 | D:5      | Entered Level 5 of the Dungeon
  5882 | D:5      | Reached skill level 5 in Fire Magic
  6517 | D:5      | Reached skill level 7 in Stealth
  8331 | D:6      | Reached skill level 8 in Stealth
  8563 | D:6      | Reached XP level 9. HP: 59/79 MP: 2/16
  8671 | D:6      | Reached skill level 5 in Conjurations
  8832 | D:6      | Reached skill level 5 in Spellcasting
  9058 | D:6      | Found a staircase to the Ecumenical Temple.
  9338 | Temple   | Entered the Ecumenical Temple
  9359 | Temple   | Became a worshipper of Vehumet
  9454 | D:8      | Reached skill level 5 in Fighting
  9635 | D:7      | Reached skill level 9 in Stealth
  9778 | D:7      | Noticed a two-headed ogre
  9786 | D:7      | Killed a two-headed ogre
 10366 | D:7      | Found an ornate altar of the Wu Jian Council.
 10756 | D:8      | Noticed a hornet
 10763 | D:8      | Reached XP level 10. HP: 91/91 MP: 3/19
 10766 | D:8      | Found Atoqoxiulo's Antique Armour Shoppe.
 10766 | D:8      | Found Kepaerch's Distillery.
 10770 | D:8      | Reached skill level 10 in Stealth
 11787 | D:7      | Found an ornate altar of the Wu Jian Council.
 11974 | D:8      | Noticed a two-headed ogre
 11990 | D:8      | Noticed Prince Ribbit
 12191 | D:8      | Killed Prince Ribbit
 12257 | D:8      | Noticed a kobold demonologist
 12262 | D:8      | Killed a kobold demonologist
 12263 | D:8      | Reached skill level 11 in Stealth
 12288 | D:8      | Noticed a kobold demonologist
 12293 | D:8      | Noticed a smoke demon
 12293 | D:8      | Noticed a rust devil
 12296 | D:8      | Killed a kobold demonologist
 12394 | D:8      | Killed a two-headed ogre
 12572 | D:8      | Noticed Pikel
 12599 | D:7      | Reached * piety under Vehumet
 12599 | D:7      | Offered knowledge of Sandblast by Vehumet.
 12600 | D:7      | Reached XP level 11. HP: 93/100 MP: 1/21
 12748 | D:8      | Noticed a brown ugly thing
 12754 | D:8      | Killed a brown ugly thing
 12777 | D:7      | Killed Pikel
 12983 | D:8      | Noticed Erica
 13021 | D:8      | Collided with a rock wall

Illustrated notes

Levels and vault maps discovered:
D:1:      lemuel_arrival_broad_hall, layout_loops_corners, serial_forest,
          infiniplex_forest_straight_2, infiniplex_forest_straight_4,
          infiniplex_forest_lined_4_way, infiniplex_forest_corner_2,
          infiniplex_forest_lined_3_way, infiniplex_forest_end_2,
          infiniplex_forest_clump_C, chequers_serial_rivers_large_b
D:2:      layout_basic, kennysheep_generic_room_9
D:3:      layout_loops_ring, trog_butcher_becter, serial_aquarium,
          aquarium_bridge_square [aquarium_subvault_balcony,
          aquarium_subvault_bridge, aquarium_subvault_wall,
          aquarium_subvault_wall], aquarium_bridge_long_separate
          [aquarium_subvault_wall, aquarium_subvault_window,
          aquarium_subvault_bridge, aquarium_subvault_bridge,
          aquarium_subvault_bridge, aquarium_subvault_wall], aquarium_window_2,
          aquarium_window_2, aquarium_window_1, aquarium_view_2g,
          aquarium_balcony_1b, aquarium_pool_1, minmay_ruptured, uniq_robin,
          uniq_terence, uniq_jessica, uniq_natasha
D:4:      layout_gridville, uniq_ijyb, uniq_grinder
D:5:      layout_layer_cave
D:6:      layout_gridville, temple_statues, eino_small_chamber_without_monster,
          minmay_fractal_squares_diagonal_5
D:7:      layout_loops_ring, nzn_wu_jian_council_hall
D:8:      minmay_the_grid_triangle_9x9_recursive_2
          [minmay_the_grid_triangle_9x9_prize_center,
          minmay_the_grid_triangle_9x9_semitri,
          minmay_the_grid_triangle_9x9_from_above,
          minmay_the_grid_triangle_9x9_shrine], layout_cave_pools,
          david_lair_shrubbed, serial_rivers, chequers_serial_rivers_micro_b,
          chequers_serial_rivers_small_b, chequers_serial_rivers_micro_b,
          chequers_serial_rivers_micro_a, kennysheep_doodads,
          nicolae_wooded_promenade, minmay_misc_feat_iff, minivault_25,
          uniq_erica, uniq_prince_ribbit1, uniq_pikel
Temple:   nicolae_temple_bog_church

Skill      XL: |  1  2  3  4  5  6  7  8  9 10 11 |
---------------+----------------------------------+-----
Fighting       | 1 2 3 4 5 7 |  7.4
Stealth        | 4 5 6 8 9 11 | 11.9
Conjurations   | 2 3 4 6 7 |  7.6
Spellcasting   | 3 4 6 7 |  7.2
Fire Magic     | 4 5 6 7 8 |  8.2
Dodging        | |  1.5

Action                     |  1- 3 |  4- 6 |  7- 9 | 10-12 || total
---------------------------+-------+-------+-------+-------++-------
  Melee: Unarmed           |     3 |     2 |       |       ||     5
         Dagger            |    31 |    13 |    21 |       ||    65
         Punch             |     1 |       |       |       ||     1
         Staff             |       |       |     5 |    40 ||    45
   Cast: Foxfire           |    30 |    15 |    66 |    48 ||   159
         Scorch            |    15 |    44 |    92 |    16 ||   167
         Inner Flame       |     1 |     4 |    27 |    38 ||    70
Ability: Spit Poison       |     2 |     4 |     3 |     6 ||    15
  Evoke: Wand              |       |       |       |     5 ||     5
    Use: Potion            |     1 |     5 |       |     6 ||    12
         Scroll            |     4 |     3 |     8 |     3 ||    18
 Armour: Robe              |    13 |    10 |       |       ||    23
         Animal skin       |       |     1 |     7 |       ||     8
         Leather armour    |       |       |    37 |    70 ||   107
  Dodge: Dodged            |    23 |    15 |    35 |    41 ||   114

Table legend: (Time is in decaauts)
 A = Elapsed time spent in this place.
 B = Non-inter-level travel time spent in this place.
 C = Inter-level travel time spent in this place.
 D = Time resting spent in this place.
 E = Time spent auto-exploring this place.
 F = Levels seen in this place.
 G = Mean time per level.
                   A        B        C        D        E       F      G
               +--------+--------+--------+--------+--------+-----+--------+
         Total |  15700 |  14972 |    728 |    450 |  12689 |   9 | 1744.4 |
       Dungeon |  15660 |  14942 |    718 |    450 |  12682 |   8 | 1957.5 |
        Temple |     40 |     31 |      9 |      0 |      7 |   1 |   40.0 |
               +--------+--------+--------+--------+--------+-----+--------+

Top non-repeatable levels by time:
     D:7: 3178 daAuts
     D:5: 2580 daAuts
     D:3: 2325 daAuts
     D:6: 1874 daAuts
     D:1: 1722 daAuts
     D:4: 1521 daAuts
     D:2: 1410 daAuts
     D:8: 1047 daAuts
  Temple: 40 daAuts
